 Dungeon Crawl Stone Soup version 0.30-a0-422-g946f4849ff (webtiles) character file.

Game seed: 2511389671038615875

8672 Inus the Fighter (level 11, -1/91 HPs)
             Began as a Hill Orc Reaver on Dec 8, 2022.
             Was a Believer of Yredelemnul.
             Slain by a two-headed ogre
             ... wielding a +0 giant spiked club
              (30 damage)
             ... on level 9 of the Dungeon.
             The game lasted 00:29:37 (11387 turns).

Inus the Fighter (Hill Orc Reaver)                 Turns: 11387, Time: 00:29:37

Health: -1/91      AC: 11    Str: 16    XL:     11   Next: 34%
Magic:  15/15      EV: 11    Int: 13    God:    Yredelemnul [**....]
Gold:   625        SH:  0    Dex: 13    Spells: 4/16 levels left

rFire   . . .      SeeInvis .    k - +1 great sword (spect)
rCold   . . .      Faith    .    (shield currently unavailable)
rNeg    . . .      Spirit   .    c - +0 ring mail
rPois   .          Reflect  .    (no helmet)
rElec   .          Harm     .    u - +0 cloak
rCorr   .          Rampage  .    y - +0 pair of gloves
Will    .....                    x - +0 pair of boots
Stlth   +.........               (no amulet)
HPRegen 0.35/turn                (no ring)
MPRegen 0.14/turn                (no ring)

@: no status effects
A: frail 1, mutation resistance 1
a: Renounce Religion, Recall Undead Harvest, Dark Bargain


You were on level 9 of the Dungeon.
You worshipped Yredelemnul.
Yredelemnul was noncommittal.
You visited 2 branches of the dungeon, and saw 10 of its levels.

You collected 625 gold pieces.

Inventory:

Hand Weapons
 k - a +1 spectral great sword (weapon)
 q - the +9 dagger of the Hall of Blades {vorpal, Will+}
   (You found it on level 2 of the Dungeon)

   It inflicts extra damage upon your enemies.
   Will:      It increases your willpower.
 C - a +0 double sword
 E - a +2 scimitar of flaming
Armour
 b - a +2 robe of willpower
 c - a +0 ring mail (worn)
 r - an orb of wrath
 s - a +1 helmet
 u - a +0 cloak (worn)
 x - a +0 pair of boots (worn)
 y - a +0 pair of gloves (worn)
Jewellery
 d - an amulet of regeneration
 i - a +4 ring of evasion
 l - a +6 ring of intelligence
 z - an amulet of faith
Wands
 w - a wand of flame (25)
Scrolls
 a - 5 scrolls of noise
 f - a scroll of amnesia
 g - 2 scrolls of enchant armour
 h - 2 scrolls of fog
 m - 2 scrolls of magic mapping
 o - 7 scrolls of identify
 p - 2 scrolls of enchant weapon
 v - 5 scrolls of vulnerability
 A - a scroll of poison
 B - a scroll of summoning
Potions
 e - a potion of attraction
 j - 2 potions of curing
 n - 2 potions of brilliance
 t - 2 potions of magic
 D - a potion of cancellation
 F - a potion of flight


   Skills:
 + Level 11.5 Fighting
 - Level 5.1(7.4) Short Blades
 + Level 9.1(9.8) Long Blades
 + Level 10.2 Armour
 - Level 1.5 Dodging
 - Level 3.0 Spellcasting
 - Level 4.0 Conjurations
 - Level 2.3 Necromancy
 + Level 2.5 Translocations


You had 4 spell levels left.
You knew the following spells:

 Your Spells              Type           Power      Damage    Failure   Level
a - Kiss of Death         Conj/Necr      40%        2d8       11%         1
b - Momentum Strike       Conj/Tloc      20%        3d8       16%         2
c - Blink                 Tloc           16%        N/A       21%         2
d - Gell's Gravitas       Tloc           8%         N/A       38%         3
e - Manifold Assault      Tloc           8%         N/A       80%         4

Your spell library contained the following spells:

 Spells                   Type           Power      Damage    Failure   Level
 Magic Dart               Conj           48%        1d5       8%          1
 Searing Ray              Conj           24%        2d5       11%         2
 Necrotise                Necr           32%        1d5       14%         1
 Sublimation of Blood     Necr           8%         N/A       22%         2
 Lesser Beckoning         Tloc           16%        N/A       38%         3
 Teleport Other           Tloc           8%         N/A       38%         3
 Vampiric Draining        Necr           8%         2d6       41%         3
 Hailstorm                Conj/Ice       7%         3d4       45%         3
 Stone Arrow              Conj/Erth      14%        3d7       45%         3
 Ignite Poison            Fire/Tmut/Pois 1%         N/A       75%         3
 Fulminant Prism          Conj/Hex       3%         3d5       86%         4
 Sticky Flame             Conj/Fire      7%         2d3       86%         4
 Animate Armour           Summ/Erth      2%         N/A       98%         4
 Petrify                  Tmut/Erth      1%         N/A       98%         4
 Summon Lightning Spire   Summ/Air       1%         N/A       98%         4
 Agony                    Necr           8%         N/A       99%         5
 Irradiate                Conj/Tmut      3%         3d12      99%         5
 Malign Gateway           Summ/Tloc      2%         N/A       100%        7
 Ozocubu's Refrigeration  Ice            0%         4d7       100%        7
 Storm Form               Tmut/Air       0%         N/A       100%        7
 Ignition                 Fire           0%         3d3       100%        8
 Lehudib's Crystal Spear  Conj/Erth      3%         10d3      100%        8
 Maxwell's Capacitive Co  Air            0%         ∞         100%        8


Dungeon Overview and Level Annotations

Branches:
Dungeon (9/15)             Temple (1/1) D:4            Lair (0/5) D:8
    Orc: D:9-12

Altars:
Ashenzari
Cheibriados
Dithmenos
Elyvilon
Gozag
Kikubaaqudgha
Makhleb
Nemelex Xobeh
Okawaru
Qazlal
Ru
Sif Muna
Trog
Uskayaw
Vehumet
Wu Jian
Xom
Yredelemnul
Zin
The Shining One

Shops:
D:6 =


Innate Abilities, Weirdness & Mutations

You are frail. (-10% HP)
You are somewhat resistant to further mutation.


Message History

The electric eel shoots out a bolt of lightning at you!
The bolt of electricity hits the electric eel.
The electric eel completely resists.
The bolt of electricity hits you!
You closely miss the electric eel.
Your +1 spectral great sword hits the electric eel!!
You kill the electric eel!
A black mist starts to gather...
Found Great Wizards, Vol.
II.
The electric eel shoots out a bolt of lightning at you!
The bolt of electricity hits your wyvern zombie.
The bolt of electricity hits you!
The bolt of electricity hits your yak zombie!
Your wyvern zombie completely misses the electric eel.
The electric eel shoots out a bolt of lightning at you!
The bolt of electricity hits your wyvern zombie!
Your wyvern zombie is destroyed!
The bolt of electricity hits you!
The electric eel shoots out a bolt of lightning at you!
The bolt of electricity hits you.
* * * LOW HITPOINT WARNING * * *
The electric eel shoots out a bolt of lightning at you!
The bolt of electricity misses you.
The bolt of electricity hits your yak zombie.
You slice the electric eel!!
You kill the electric eel!
Why would you want to do that? Why would you want to do that?
Why would you want to do that? Why would you want to do that?
Why would you want to do that?
A two-headed ogre comes into view.
It is wielding a +0 giant spiked club and a +0 giant club.
Found 16 gold pieces.
The two-headed ogre shouts in stereo!
Your yak zombie gores the two-headed ogre!
Your yak zombie barely misses the two-headed ogre.
Your yak zombie gores the two-headed ogre.
The two-headed ogre attacks as you move away!
The two-headed ogre hits you with a +0 giant spiked club!!
You die...
Your body rises from the dead as a mindless zombie.

...........~.~.~.~.~.~.~#####.###
~.~...~.≈.~.~.~.~.~.~......##....
.....~.≈.~.~.~.≈.~.~.~.~##..+.._.
~.~.~.~.~.~.~.≈.~.~.~.~.##.##....
>~.~.~.~.~.~.~.~.~.~.≈.≈##.##.###
~.~.~.~.~.~.~.~.~.~.~.~.##..#....
.~.~.~.≈.~.~.≈.~.~###.#+###
≈.~.~.~.~.~.~.~.~.# #......
.~.~.~.~.~@OZ~.≈.~# ###....
≈.≈.~.≈.~.ZZZ.~:~.### #....
.~.~.~.~.≈.~........# ##...
#############.......# #...
#.......# #... #.......# #...
#.......# #... #$......# #...
#.......# #...


You could see a two-headed ogre (ally target), 2 friendly spectral electric eels
and 2 friendly yak zombies.

Vanquished Creatures
  Erica (D:9)
  An ice statue (D:9)
  A rime drake (D:8)
  A hornet (D:7)
  Prince Ribbit (D:7)
  Grinder (D:4)
  Sigmund (D:4)
  A vampire (D:9)
  4 hogs (D:7)
  5 yaks (D:9)
  2 wyverns
  A steam dragon (D:8)
  Eustachio (D:4)
  Duvessa (D:5)
  3 water moccasins
  4 orc warriors
  6 ice beasts
  An ogre (D:5)
  3 wolves
  2 centaurs
  2 kobold brigands
  2 phantoms
  2 necrophages (D:5)
  3 bullfrogs
  Dowan (D:5)
  5 electric eels (D:9)
  4 jellies
  4 orc priests
  Crazy Yiuf (D:6)
  8 hounds
  2 orc wizards
  8 iguanas
  5 adders
  A shadow imp (D:5)
  3 white imps (D:7)
  A worm (D:2)
  2 dart slugs
  17 orcs
  4 endoplasms
  4 giant cockroaches
  9 hobgoblins
  4 jackals (D:2)
  A quokka (D:2)
  8 ball pythons
  2 bats (D:1)
  2 frilled lizards (D:2)
  5 goblins
  17 kobolds
  4 rats
172 creatures vanquished.

Vanquished Creatures (collateral kills)
  A human (D:7)
  Grum (D:9)
  2 water moccasins
  2 ice beasts (D:8)
  A sky beast (D:7)
  2 wolves (D:9)
  2 kobold brigands
  A lava snake (D:7)
  A jelly (D:6)
  2 iguanas
  A white imp (D:5)
  A worm (D:5)
  8 kobolds
25 creatures vanquished.

Vanquished Creatures (others)
  A human zombie (D:9)
  A wyvern zombie (D:9)
  A water moccasin zombie (D:7)
  3 wolf zombies
  A bullfrog zombie (D:9)
  3 ice beast zombies
  2 hound zombies (D:5)
  A spectral electric eel (D:9)
  A spectral white imp (D:7)
  2 orcs (D:9)
  13 kobold zombies
  10 orc zombies
39 creatures vanquished.

Grand Total: 236 creatures vanquished

Notes
Turn   | Place    | Note
-------+----------+-------------------------------------------
     0 | D:1      | Inus the Hill Orc Reaver began the quest for the Orb.
     0 | D:1      | Reached XP level 1. HP: 18/18 MP: 3/3
   444 | D:1      | Reached XP level 2. HP: 18/25 MP: 4/4
   944 | D:2      | Reached skill level 1 in Armour
  1018 | D:2      | Found a hide-covered altar of Uskayaw.
  1081 | D:2      | Reached XP level 3. HP: 30/30 MP: 5/5
  1261 | D:2      | Identified the +9 dagger of the Hall of Blades {vorpal,
                  | Will+}
  1316 | D:2      | Reached skill level 3 in Fighting
  1613 | D:3      | Reached XP level 4. HP: 31/38 MP: 5/7
  1808 | D:3      | Found a white marble altar of Elyvilon.
  1940 | D:3      | Found a radiant altar of Vehumet.
  1953 | D:3      | Found a glowing golden altar of the Shining One.
  2208 | D:4      | Found a staircase to the Ecumenical Temple.
  2217 | D:4      | Noticed Grinder
  2227 | D:4      | Killed Grinder
  2228 | D:4      | Reached skill level 4 in Fighting
  2228 | D:4      | Reached skill level 1 in Short Blades
  2228 | D:4      | Reached XP level 5. HP: 21/46 MP: 8/8
  2228 | D:4      | Reached XP level 6. HP: 23/52 MP: 9/9
  2375 | D:4      | Noticed Eustachio
  2671 | D:4      | Killed Eustachio
  2672 | D:4      | Reached XP level 7. HP: 42/60 MP: 10/10
  2684 | Temple   | Entered the Ecumenical Temple
  2902 | Temple   | Became a worshipper of Yredelemnul the Dark
  2944 | D:4      | Noticed Sigmund
  2952 | D:4      | Killed Sigmund
  2953 | D:4      | Reached skill level 5 in Fighting
  3105 | D:4      | Reached * piety under Yredelemnul
  3587 | D:4      | Reached ** piety under Yredelemnul
  3804 | D:5      | Entered Level 5 of the Dungeon
  3831 | D:5      | Reached XP level 8. HP: 70/70 MP: 11/11
  3885 | D:5      | Noticed Dowan
  3886 | D:5      | Noticed Duvessa
  3890 | D:5      | Gained mutation: Your body sometimes deteriorates upon
                  | taking damage. [potion of mutation]
  3890 | D:5      | Gained mutation: Armour fits poorly on your strangely
                  | shaped body. [potion of mutation]
  3890 | D:5      | Gained mutation: You have a pair of small horns on your
                  | head. [potion of mutation]
  3919 | D:5      | Killed Duvessa
  3920 | D:5      | Reached skill level 6 in Fighting
  3937 | D:5      | Killed Dowan
  3938 | D:5      | Reached skill level 5 in Armour
  4567 | D:5      | Reached *** piety under Yredelemnul
  4766 | D:5      | Reached skill level 7 in Fighting
  4766 | D:5      | Reached skill level 5 in Short Blades
  4930 | D:5      | Reached **** piety under Yredelemnul
  5080 | D:5      | Found an ornate altar of the Wu Jian Council.
  5090 | D:5      | Learned a level 2 spell: Momentum Strike
  5347 | D:5      | Reached ***** piety under Yredelemnul
  5516 | D:5      | Found a burning altar of Makhleb.
  5518 | D:5      | Noticed a cacodemon
  5522 | D:5      | Noticed a ynoxinul
  5522 | D:5      | Noticed a hellwing
  5587 | D:5      | Reached XP level 9. HP: 14/79 MP: 12/12
  6382 | D:6      | Identified the +1 rapier "Nuus" {vorpal, Fly rF- rN++
                  | Int+2}
  6445 | D:6      | Found a runed translucent door.
  6446 | D:6      | Noticed Crazy Yiuf
  6474 | D:6      | Found Qaigump's Jewellery Shop.
  6891 | D:6      | Killed Crazy Yiuf
  6892 | D:6      | Reached skill level 8 in Fighting
  7008 | D:7      | Reached skill level 5 in Long Blades
  7044 | D:7      | Noticed a hornet
  7055 | D:7      | Killed a hornet
  7602 | D:7      | Reached skill level 9 in Fighting
  7629 | D:7      | Reached XP level 10. HP: 20/91 MP: 13/13
  8007 | D:7      | Found a bloodstained altar of Trog.
  8257 | D:7      | Found a stormy altar of Qazlal.
  8505 | D:7      | Found a glowing silver altar of Zin.
  8521 | D:7      | Noticed Prince Ribbit
  8532 | D:7      | Killed Prince Ribbit
  8533 | D:7      | Reached skill level 10 in Fighting
  8695 | D:7      | Reached ****** piety under Yredelemnul
  8864 | D:7      | Learned a level 2 spell: Blink
  9146 | D:8      | Lost mutation: Armour fits poorly on your strangely shaped
                  | body. [potion of mutation]
  9146 | D:8      | Lost mutation: You have a pair of small horns on your head.
                  | [potion of mutation]
  9146 | D:8      | Lost mutation: Your body sometimes deteriorates upon taking
                  | damage. [potion of mutation]
  9146 | D:8      | Gained mutation: You are frail. (-10% HP) [potion of
                  | mutation]
  9146 | D:8      | Gained mutation: You are somewhat resistant to further
                  | mutation. [potion of mutation]
  9164 | D:8      | Found a shadowy altar of Dithmenos.
  9436 | D:8      | Reached skill level 1 in Translocations
  9505 | D:8      | Found an opulent altar of Gozag.
  9577 | D:8      | Upgraded the game from 0.30-a0-414-gcb316572d5 to
                  | 0.30-a0-422-g946f4849ff
  9621 | D:8      | Got Vuumenea's Guide on the Helpful Iceberg
  9685 | D:8      | Found a staircase to the Lair.
  9713 | D:8      | Learned a level 3 spell: Gell's Gravitas
  9718 | D:8      | Learned a level 4 spell: Manifold Assault
  9826 | D:8      | Found a sparkling altar of Nemelex Xobeh.
  9930 | D:9      | Noticed an ice statue
  9996 | D:9      | Found a hide-covered altar of Uskayaw.
 10075 | D:9      | Noticed Erica
 10107 | D:9      | Killed Erica
 10108 | D:9      | Reached skill level 11 in Fighting
 10108 | D:9      | Reached XP level 11. HP: 82/91 MP: 14/14
 10142 | D:9      | Found a broken altar of Ashenzari.
 10201 | D:9      | Your ally Erica died
 10574 | D:9      | Noticed Grum
 10587 | D:9      | Killed Grum
 10588 | D:9      | Reached skill level 10 in Armour
 10814 | D:9      | Found a sacrificial altar of Ru.
 11040 | D:9      | HP: 4/91 [ice beast[an ice statue] (14)]
 11380 | D:9      | Noticed a two-headed ogre
 11387 | D:9      | Slain by a two-headed ogre

Illustrated notes

Levels and vault maps discovered:
D:1:      dpeg_arrival_pond, layout_loops_corners
D:2:      layout_basic, basic_altar, grunt_decor_junction, grunt_ministairs_15,
          kennysheep_generic_room_9
D:3:      layout_loops_cross, mainiacjoe_overflow_large_starburst,
          lemuel_round_altar, hangedman_decor_riveting
D:4:      layout_loops_ring, minmay_temple_entry_poolview, uniq_sigmund,
          uniq_grinder, uniq_eustachio
D:5:      minmay_diamond_boxcup, layout_gridville, makhleb_altar_promises_db,
          nicolae_wu_jian_immortal_techniques, uniq_duvessa
D:6:      layout_loops_ring, serial_shops, nicolae_shop_trees, minmay_holes,
          nicolae_zen_rock_garden, chequers_serial_rivers_micro_d,
          uniq_crazy_yiuf_cottage
D:7:      layout_basic, lemuel_coloured_pillars_altar, trog_butcher_becter,
          zin_treasury, serial_park_tiny_2, grunt_livestock,
          kennysheep_opposing_triangles, uniq_prince_ribbit1
D:8:      layout_rooms, mainiacjoe_overflow_alcove_2, general_overflow_altar,
          kennysheep_little_box, hellmonk_lair_entry_icy
D:9:      layout_basic, old_standard_altar, lemuel_doored_altar,
          mainiacjoe_overflow_six_doors_small, minivault_16, uniq_erica,
          uniq_grum
Temple:   hellmonk_temple_flake

Skill      XL: |  1  2  3  4  5  6  7  8  9 10 11 |
---------------+----------------------------------+-----
Armour         | 1 2 3 4 6 8 9 10 | 10.2
Fighting       | 3 4 5 7 9 11 | 11.5
Spellcasting   | 2 3 |  3.0
Short Blades   | 1 2 3 5 |  5.1
Conjurations   | 4 |  4.0
Necromancy     | 2 |  2.3
Long Blades    | 4 6 8 9 |  9.1
Translocations | 2 |  2.5
Dodging        | |  1.5

Action                   |  1- 3 |  4- 6 |  7- 9 | 10-12 || total
-------------------------+-------+-------+-------+-------++-------
Melee: Falchion          |    56 |       |       |       ||    56
       Great sword       |    45 |       |       |   117 ||   162
       Dagger            |    30 |    83 |   288 |    55 ||   456
       Punch             |     1 |       |     2 |       ||     3
       Headbutt          |       |       |    52 |    14 ||    66
 Cast: Momentum Strike   |       |       |     1 |       ||     1
       Blink             |       |       |       |     2 ||     2
Invok: Recall Undead Har |       |       |       |     1 ||     1
Evoke: Wand              |       |       |     5 |     2 ||     7
  Use: Scroll            |       |       |    16 |     3 ||    19
       Potion            |       |       |    18 |     3 ||    21
 Stab: Distracted        |       |       |       |     3 ||     3
Armor: Ring mail         |    49 |    41 |    55 |    74 ||   219
       Skin              |       |       |       |     2 ||     2
Dodge: Dodged            |    91 |    39 |    90 |   110 ||   330

Table legend: (Time is in decaauts)
 A = Elapsed time spent in this place.
 B = Non-inter-level travel time spent in this place.
 C = Inter-level travel time spent in this place.
 D = Time resting spent in this place.
 E = Time spent auto-exploring this place.
 F = Levels seen in this place.
 G = Mean time per level.
                   A        B        C        D        E       F      G
               +--------+--------+--------+--------+--------+-----+--------+
         Total |  11343 |  10784 |    559 |    736 |   8152 |  10 | 1134.3 |
       Dungeon |  11114 |  10585 |    529 |    736 |   7983 |   9 | 1234.9 |
        Temple |    229 |    199 |     30 |      0 |    169 |   1 |  229.0 |
               +--------+--------+--------+--------+--------+-----+--------+

Top non-repeatable levels by time:
     D:7: 2204 daAuts
     D:5: 1994 daAuts
     D:9: 1542 daAuts
     D:4: 1179 daAuts
     D:6: 1149 daAuts
     D:1: 939 daAuts
     D:3: 782 daAuts
     D:2: 685 daAuts
     D:8: 636 daAuts
  Temple: 229 daAuts
